 Dungeon Crawl Stone Soup version 0.29-a0-207-gf982a884d8 (webtiles) character file.

Game seed: 11683856246746107689

53 tatocazan the Skirmisher (level 3, 0/29 HPs)
             Began as a Demonspawn Fighter on Feb 23, 2022.
             Succumbed to an adder's poison
             ... on level 2 of the Dungeon.
             The game lasted 00:01:00 (952 turns).

tatocazan the Skirmisher (Demonspawn Fighter)        Turns: 952, Time: 00:01:01

Health: 0/29       AC:  6    Str: 18    XL:     3   Next: 64%
Magic:  3/3        EV:  9    Int:  9    God:
Gold:   72         SH:  8    Dex: 12    Spells: 2/2 levels left

rFire   . . .      SeeInvis .   a - +0 trident
rCold   . . .      Faith    .   c - +0 buckler
rNeg    . . .      Spirit   .   b - +0 scale mail
rPois   .          Reflect  .   (no helmet)
rElec   .          Harm     .   (no cloak)
rCorr   .          Rampage  .   (no gloves)
Will    .....                   (no boots)
Stlth   ..........              (no amulet)
HPRegen 0.09/turn               (no ring)
MPRegen 0.08/turn               (no ring)

@: lethally poisoned (0 -> -5), hasted, very quick
A: condensation shield
a: no special abilities


You were on level 2 of the Dungeon.
You visited 1 branch of the dungeon, and saw 2 of its levels.

You collected 72 gold pieces.

Inventory:

Hand Weapons
 a - a +0 trident (weapon)
Armour
 b - a +0 scale mail (worn)
 c - a +0 buckler (worn)
Scrolls
 f - a scroll of enchant armour {unknown}
 g - a scroll of vulnerability {unknown}
 h - a scroll of identify {unknown}
 j - a scroll of noise {unknown}
Potions
 d - a potion of might
 i - a potion of degeneration {unknown}


   Skills:
 + Level 3.4 Fighting
 * Level 2.5 Polearms
 + Level 3.1 Armour
 + Level 3.1 Shields


You had 2 spell levels left.
You didn't know any spells.
Your spell library was empty.

Dungeon Overview and Level Annotations

Branches:
Dungeon (2/15)

Altars:


Innate Abilities, Weirdness & Mutations

A meltable shield of frost defends you. (SH +4)


Message History

The adder is heavily wounded.
The adder bites you but does no damage. You block the goblin's attack.
Jessica gestures wildly while chanting.
Jessica seems to speed up.
You barely miss the adder.
The adder is heavily wounded.
The adder bites you but does no damage. The goblin hits you but does no damage.
The adder bites you but does no damage.
Jessica mumbles some strange words.
Jessica blinks!
The goblin completely misses you.
You closely miss the adder.
The adder is heavily wounded.
Jessica gestures wildly while chanting.
Jessica blinks!
The adder bites you but does no damage. The adder barely misses you.
The goblin barely misses you.
You barely miss Jessica.
Jessica is almost dead.
Jessica hits you with a +1 dagger of speed.
You block the adder's attack. Jessica gestures at you while chanting.
Pain shoots through your body!
* * * LOW HITPOINT WARNING * * *
The goblin hits you but does no damage. The adder bites you.
* * * LOW HITPOINT WARNING * * *
You are lethally poisoned!
The adder poisons you!
You take 7 damage, and have 3/24 hp.
MASSIVE DAMAGE!!
You hit Jessica.
You kill Jessica!
* * * LOW HITPOINT WARNING * * *
You feel sick. The goblin hits you but does no damage.
The adder closely misses you.
You have reached level 3!
Your experience leads to an increase in your attributes!
Increase (S)trength, (I)ntelligence, or (D)exterity?
You feel stronger. x2
You take 2 damage, and have 1/29 hp.
MP restored: 3 It was a potion of haste.
You feel yourself speed up.
You die...

. .#
###########..#
.###...........#
..............#
#.....<....#
#..........#
####)#######
#.@g### ###S..#
###...... .....
.##. #


You could see an adder and a goblin.

Vanquished Creatures
  Jessica (D:2)
  An adder (D:2)
  2 ball pythons (D:1)
  A giant cockroach (D:1)
  3 goblins (D:1)
  2 hobgoblins (D:1)
  2 kobolds (D:1)
  A quokka (D:1)
  A bat (D:1)
  2 frilled lizards (D:1)
  3 rats (D:1)
19 creatures vanquished.

Notes
Turn   | Place    | Note
-------+----------+-------------------------------------------
     0 | D:1      | tatocazan the Demonspawn Fighter began the quest for the
                  | Orb.
     0 | D:1      | Reached XP level 1. HP: 18/18 MP: 1/1
   403 | D:1      | Found a faded altar of an unknown god.
   405 | D:1      | Gained mutation: A meltable shield of frost defends you.
                  | (SH +4) [demonic ancestry]
   405 | D:1      | Reached XP level 2. HP: 24/24 MP: 2/2
   932 | D:2      | Noticed Jessica
   951 | D:2      | Killed Jessica
   951 | D:2      | HP: 1/24 [poisoned by an adder]
   952 | D:2      | Reached XP level 3. HP: 1/29 MP: 3/3
   952 | D:2      | Succumbed to an adder's poison

Illustrated notes

Levels and vault maps discovered:
D:1:      heliophobic_arrival_ceremonial_halls, layout_basic,
          shapermc_ecumenical_altar_starsandcircs
D:2:      layout_rooms, minmay_pentomino_t2, uniq_jessica, uniq_natasha

Skill      XL: |  1  2 |
---------------+-------+-----
Polearms       | 2 |  2.5
Armour         | 3 |  3.1
Shields        | 3 |  3.1
Fighting       | |  3.4

Action                   || total
-------------------------++-------
Melee: Trident           ||    70
  Use: Potion            ||     1
Armor: Scale mail        ||    35
Dodge: Dodged            ||    19
Block: Buckler           ||    22

Table legend: (Time is in decaauts)
 A = Elapsed time spent in this place.
 B = Non-inter-level travel time spent in this place.
 C = Inter-level travel time spent in this place.
 D = Time resting spent in this place.
 E = Time spent auto-exploring this place.
 F = Levels seen in this place.
 G = Mean time per level.
                   A        B        C        D        E       F      G
               +--------+--------+--------+--------+--------+-----+--------+
         Total |    968 |    962 |      6 |      0 |    812 |   2 |  484.0 |
       Dungeon |    968 |    962 |      6 |      0 |    812 |   2 |  484.0 |
               +--------+--------+--------+--------+--------+-----+--------+

Top non-repeatable levels by time:
     D:1: 910 daAuts
     D:2: 58 daAuts
